 Dungeon Crawl Stone Soup version 0.26-a0-257-g47e9e61525 (webtiles) character file.

Game seed: 10281188164955352053

221 Infinimo the Caller (level 5, 0/35 HPs)
             Began as a Mummy Summoner on July 10, 2020.
             Killed from afar by a white imp (4 damage)
             ... with a puff of frost
             ... on level 4 of the Dungeon.
             The game lasted 00:05:54 (5108 turns).

Infinimo the Caller (Mummy Summoner)                Turns: 5108, Time: 00:05:55

Health: 0/35       AC:  2    Str: 11    XL:     5   Next: 65%
Magic:  0/9        EV: 12    Int: 15    God:
Gold:   182        SH:  0    Dex: 13    Spells: 6/9 levels left

rFire    x . .     SeeInvis .   e - +0 dagger
rCold    + . .     Faith    .   (no shield)
rNeg     + + +     Spirit   .   a - +0 robe
rPois    ∞         Reflect  .   (no helmet)
rElec    .         Harm     .   (no cloak)
rCorr    .                      (no gloves)
MR       .....                  (no boots)
Stlth    ++........             (no amulet)
HPRegen  0.11/turn              (no ring)
MPRegen  0.11/turn              (no ring)

@: very slightly contaminated
A: no food or potions, fire vulnerability, cold resistance 1, negative energy
resistance 3, torment resistance, unbreathing
a: no special abilities


You were on level 4 of the Dungeon.
You were not hungry.

You visited 1 branch of the dungeon, and saw 4 of its levels.

You collected 182 gold pieces.

Inventory:

Hand Weapons
 e - a +0 dagger (weapon)
Armour
 a - a +0 robe (worn)
 j - a +2 buckler
Jewellery
 d - a cursed -4 ring of protection {unknown}
Scrolls
 b - 4 scrolls of identify
 c - 5 scrolls of remove curse
 f - a scroll of magic mapping {unknown}
 g - a scroll of fog {unknown}
 h - 3 scrolls of teleportation {unknown}
 i - 2 scrolls of enchant armour {unknown}
 k - a scroll of immolation {unknown}


   Skills:
 - Level 1.5 Dodging
 - Level 1.5 Stealth
 - Level 2.6 Spellcasting
 * Level 5.8 Summonings


You had 6 spell levels left.
You knew the following spells:

 Your Spells              Type           Power        Failure   Level
a - Summon Small Mammal   Summ           ###.         1%          1
b - Call Imp              Summ           ###.....     2%          2

Your spell library contained the following spells:

 Spells                   Type           Power        Failure   Level
 Call Canine Familiar     Summ           ###.....     5%          3
 Summon Guardian Golem    Hex/Summ       ##......     19%         3
 Summon Ice Beast         Ice/Summ       ##......     52%         4
 Summon Lightning Spire   Summ/Air       ##......     52%         4


Dungeon Overview and Level Annotations

Branches:
Dungeon (4/15)
 Temple: D:4-7

Altars:
Nemelex Xobeh
Trog
Vehumet


Innate Abilities, Weirdness & Mutations

You do not eat or drink.
Your flesh is vulnerable to fire.
You are immune to poison.
Your flesh is cold resistant. (rC+)
You are immune to negative energy. (rN+++)
You are immune to unholy pain and torment.
You can survive without breathing.


Message History

The white imp is almost dead.
The white imp is almost dead.
The white imp is almost dead.
The white imp hits you.
* * * LOW HITPOINT WARNING * * *
The white imp freezes you. You resist.
* * * LOW HITPOINT WARNING * * *
Casting: Call Imp (safe; 2% risk of failure)
Confirm with . or Enter, or press ? or * to list all spells.
A beastly little devil appears in a puff of flame.
The white imp gestures at you. The puff of frost hits you. You resist.
* * * LOW HITPOINT WARNING * * *
You can't drink.
As you read the scroll labeled YRUZ TUCOSKAG, it crumbles to dust.
It is a scroll of identify.
c - 5 scrolls of remove curse The white imp gestures at you.
The puff of frost hits you. You resist.
You die...

############
#..........#
#..........# ###
#..........# #..
#@.........# #.#
#5.........# #.#
#.5#.......# #.#
#......#...#####.#
#.#........##.....
#.#..#._.#..#.%.#.
#.##........###...
#...##...#....###...
#.#.##..../...[###..


You could see a white imp and a friendly crimson imp (summoned).

Vanquished Creatures
  A giant cockroach (D:2)
  A goblin (D:2)
  2 hobgoblins (D:2)
  A kobold (D:2)
  A rat (D:2)
6 creatures vanquished.

Vanquished Creatures (collateral kills)
  A phantom (D:4)
  An ogre (D:4)
  A scorpion (D:3)
  A hound (D:4)
  A gnoll (D:1)
  8 adders
  2 oozes
  2 worms
  3 leopard geckos (D:3)
  4 orcs
  A bat (D:2)
  2 giant cockroaches
  3 goblins
  4 hobgoblins
  2 quokkas
  4 ball pythons
  5 frilled lizards
  A kobold (D:3)
  A leopard gecko skeleton (D:4)
  4 rats
51 creatures vanquished.

Grand Total: 57 creatures vanquished

Notes
Turn   | Place    | Note
-------+----------+-------------------------------------------
     0 | D:1      | Infinimo the Mummy Summoner began the quest for the Orb.
     0 | D:1      | Reached XP level 1. HP: 13/13 MP: 4/4
   515 | D:2      | Reached XP level 2. HP: 11/19 MP: 1/5
   683 | D:2      | Found a faded altar of an unknown god.
   807 | D:2      | Reached skill level 4 in Summonings
  1200 | D:2      | Reached XP level 3. HP: 15/24 MP: 1/7
  2386 | D:3      | Noticed a scorpion
  2615 | D:3      | Reached XP level 4. HP: 30/30 MP: 2/8
  2822 | D:3      | Learned a level 2 spell: Call Imp
  3344 | D:3      | Reached skill level 5 in Summonings
  3431 | D:3      | Found a sparkling altar of Nemelex Xobeh.
  3637 | D:3      | Found a bloodstained altar of Trog.
  4035 | D:4      | Noticed a phantom
  4210 | D:4      | Killed a phantom
  4210 | D:4      | Reached XP level 5. HP: 19/35 MP: 0/9
  4367 | D:4      | Noticed an ogre
  4377 | D:4      | Killed an ogre
  4805 | D:4      | Found a radiant altar of Vehumet.
  5108 | D:4      | Killed from afar by a white imp

Illustrated notes

Levels and vault maps discovered:
D:1:      matt_arrival_grand_opening, layout_rooms
D:2:      layout_rooms, chequers_ecumenical_altar_island
D:3:      layout_basic, overflow_temple_1_default, wad_floor_pattern_1,
          trog_book
D:4:      layout_rooms, vehumet_altar_wand_db, kennysheep_mini, temple_hall,
          first_ration, grunt_ministairs_6, nicolae_qazlal_general_emergency

Skill      XL: |  1  2  3  4 |
---------------+-------------+-----
Summonings     | 4 5 |  5.8
Dodging        | |  1.5
Stealth        | |  1.5
Spellcasting   | |  2.6

Action                   |  1- 3 |  4- 6 || total
-------------------------+-------+-------++-------
Melee: Dagger            |    67 |    17 ||    84
 Cast: Summon Small Mamm |   116 |    20 ||   136
       Call Imp          |       |    77 ||    77
  Use: Scroll            |       |     1 ||     1
Armor: Robe              |    23 |     9 ||    32
Dodge: Dodged            |    77 |    27 ||   104

Table legend:
 A = Non-vault XP
 B = Vault XP
 C = Vault XP percentage of total XP
 D = Non-vault monster count
 E = Vault monster count
 F = Vault count percentage of total count
                 A         B        C        D         E       F
            +---------+---------+-------+---------+---------+-------
      Total |     315 |       1 |   0.3 |      56 |       1 |   1.8
            +---------+---------+-------+---------+---------+-------
        D:1 |      13 |       0 |   0.0 |       4 |       0 |   0.0
        D:2 |      64 |       0 |   0.0 |      23 |       0 |   0.0
        D:3 |      82 |       0 |   0.0 |      19 |       0 |   0.0
        D:4 |     156 |       1 |   0.6 |      10 |       1 |   9.1
            +---------+---------+-------+---------+---------+-------
